AoeStats
← Pete

Golden Pit

510166658Analyzed
1v1 RM · 2d ago on Sep 29, 2026· 20m 35s· 2 players
Game mode
Random Map
Map size
Tiny (2 player)
Population
200
Speed
Normal
Resources
Standard
Victory
Conquest
Starting age
Dark Age
Ending age
Imperial Age
RankedLock teamsTeams togetherTeam positionsShared explorationLock speedFull tech treeHidden civsTurbo modeCheats
Victory
Defeat
🇬🇧 Aztecs · United Kingdom
1887
+15
🇺🇸 Armenians · United States
1876
-15
LowEloNobody
6:58 Loom
9:45 Feudal Age
9:47 Man-at-Arms
12:22 Arson
16:58 Double-Bit Axe
18:23 Town Watch
Pete
8:04 Loom
13:08 Feudal Age
13:57 Double-Bit Axe
15:19 Fletching
Connection lost

Rejoining the realm…

Still unreachable

The connection could not be restored.

Session expired

The server has moved on; the page needs a fresh start.